 Dungeon Crawl Stone Soup version 0.27-a0-836-gfc908b8576 (webtiles) character file.

Game seed: 8401631236834814913

518 gruber the Ducker (level 7, -1/54 HPs)
             Began as a Djinni Fire Elementalist on Apr 1, 2021.
             Was an Initiate of Gozag.
             Slain by Duvessa
             ... wielding a +0 short sword
              (8 damage)
             ... on level 4 of the Dungeon.
             The game lasted 00:07:57 (4693 turns).

gruber the Ducker (Djinni Fire Elementalist)        Turns: 4693, Time: 00:07:57

Health: -1/54      AC:  6    Str:  7    XL:     7   Next: 21%
Gold:   201        EV: 13    Int: 19    God:    Gozag SH:  0 Dex: 13

rFire    + + +     SeeInvis .   e - +0 rapier
rCold    x x .     Faith    .   (no shield)
rNeg     . . .     Spirit   .   p - +2 leather armour {rF+}
rPois    ∞         Reflect  .   k - +0 helmet
rElec    .         Harm     .   (no cloak)
rCorr    .         Rampage  .   (no gloves)
Will     .....                  (boots unavailable)
Stlth    +.........             (no amulet)
HPRegen  0.18/turn              n - ring of fire
MPRegen  0.00/turn              (no ring)

@: coronaed, flying, very slightly contaminated, glowing
A: fire resistance 2, cold vulnerability 1, float, innate caster, hp casting,
extra vitality 1
a: Renounce Religion, Potion Petition, Call Merchant, Bribe Branch


You were on level 4 of the Dungeon.
You worshipped Gozag.
Gozag was aware of your devotion.
You visited 1 branch of the dungeon, and saw 4 of its levels.

You collected 261 gold pieces.
You paid 60 gold pieces to Gozag.

Inventory:

Hand Weapons
 e - a +0 rapier (weapon)
Missiles
 c - 31 poisoned darts
Armour
 k - a +0 helmet (worn)
 p - a +2 leather armour of fire resistance (worn)
Jewellery
 n - a ring of fire (left hand)
Wands
 d - a wand of digging (5)
 g - a wand of polymorph (10)
Scrolls
 f - a scroll of immolation {unknown}
 h - 2 scrolls of noise {unknown}
 i - a scroll of brand weapon {unknown}
 j - a scroll of amnesia {unknown}
 l - a scroll of identify {unknown}
Potions
 b - a potion of lignification {unknown}
 m - 3 potions of heal wounds {unknown}
 o - 2 potions of invisibility {unknown}


   Skills:
 - Level 5.1 Fighting
 - Level 0.3 Long Blades
 - Level 0.2(0.3) Axes
 - Level 0.1(0.3) Maces & Flails
 - Level 0.1(0.3) Polearms
 - Level 0.1(0.3) Staves
 - Level 0.2 Slings
 - Level 0.1 Bows
 - Level 0.2 Crossbows
 - Level 5.1 Dodging
 - Level 1.6 Stealth
 - Level 0.1 Shields
 * Level 3.0 Spellcasting
 - Level 0.1 Invocations


You couldn't memorise any spells.
You knew the following spells:

 Your Spells              Type           Power      Damage    Failure   Level
a - Foxfire               Conj/Fire      84%        2x1d8     7%          1
b - Conjure Flame         Conj/Fire      21%        6-21      21%         3
c - Inner Flame           Hex/Fire       21%        N/A       21%         3
d - Sticky Flame          Conj/Fire      21%        2d4       54%         4
e - Fireball              Conj/Fire      10%        3d6       88%         5
f - Pain                  Necr           56%        1d6       7%          1
g - Passwall              Tmut/Erth      11%        N/A       10%         2
h - Lesser Beckoning      Tloc           7%         N/A       21%         3
Your spell library was empty.

Dungeon Overview and Level Annotations

Branches:
Dungeon (4/15)
 Temple: D:4-7

Altars:
Gozag
Qazlal
Xom
Zin

Shops:
D:1 *

Annotations:
D:4 Dowan, Duvessa


Innate Abilities, Weirdness & Mutations

You are immune to poison.
Your flesh is very heat resistant. (rF++)
You are vulnerable to cold. (rC-)
You float through the air rather than walking.
You learn spells naturally, not from books.
Your magical power is your life essence.
You have superior vitality. (+4 HP)


Message History

The foxfire hits Duvessa but does no damage.
Duvessa is moderately wounded.
The foxfire hits Duvessa but does no damage.
Duvessa is moderately wounded.
Duvessa says, "My weaknesses are his strengths!"
Duvessa hits you with a +0 short sword!
* * * LOW HITPOINT WARNING * * *
Casting: Foxfire (safe; 7% risk of failure)
Press: ? - help, Q - select action, (/) - cycle Dir - look around, f - activate You feel a surge of power!
You conjure some foxfire!
* * * LOW HITPOINT WARNING * * *
The foxfire hits Duvessa but does no damage.
Duvessa is moderately wounded.
The foxfire hits Duvessa.
Duvessa is moderately wounded.
Duvessa misses you. Dowan hits you with a +0 dagger.
* * * LOW HITPOINT WARNING * * *
Duvessa hits you with a +0 short sword.
* * * LOW HITPOINT WARNING * * *
Casting: Foxfire (safe; 7% risk of failure)
Press: ? - help, Q - select action, (/) - cycle Dir - look around, f - activate You feel a surge of power!
You conjure some foxfire!
* * * LOW HITPOINT WARNING * * *
The foxfire hits Duvessa.
Duvessa is heavily wounded.
The foxfire hits Dowan but does no damage.
Duvessa roars, "You can run, but you cannot escape us forever!"
Duvessa hits you but does no damage. Dowan hits you with a +0 dagger.
* * * LOW HITPOINT WARNING * * *
Casting: Foxfire (safe; 7% risk of failure)
Press: ? - help, Q - select action, (/) - cycle Dir - look around, f - activate You feel a surge of power!
You conjure some foxfire!
* * * LOW HITPOINT WARNING * * *
The foxfire hits Dowan!
Dowan is moderately wounded.
The foxfire hits Duvessa!
Duvessa is severely wounded.
Duvessa hits you with a +0 short sword!
You die...
Your body crumbles into a pile of gold.

#.###.##.###.#
#.)[..)...##.#
#.####....##.#
########.# #.......#
#........# #.#######
#.###########.#######
#.# #...........# #.#
#...§v..#.#.# #.#
#....@e.._..#
#.#######...ve..#.###
#.##..............#
##.#)#.###.........#
###.#.###.##.........#
...###.###.#>).......#
###.#(###.##.........#
##.>.#......##.#.###
####.#........#.#


You could see Duvessa (fast, ally target) and Dowan (ally target).

Vanquished Creatures
  Sigmund (D:4)
  An ogre (D:4)
  A water moccasin skeleton (D:4)
  An orc priest (D:4)
  An iguana (D:4)
  Jessica (D:2)
  An orc wizard (D:4)
  A hound skeleton (D:4)
  4 adders
  An adder skeleton (D:4)
  2 dart slugs (D:1)
  7 orcs
  4 ball pythons
  8 endoplasms
  4 giant cockroaches
  7 goblins
  6 hobgoblins
  9 jackals
  3 quokkas
  6 bats
  4 kobolds
  3 rats (D:2)
76 creatures vanquished.

Vanquished Creatures (others)
  372 foxfires
372 creatures vanquished.

Grand Total: 448 creatures vanquished

Notes
Turn   | Place    | Note
-------+----------+-------------------------------------------
     0 | D:1      | gruber the Djinni Fire Elementalist began the quest for the
                  | Orb.
     0 | D:1      | Reached XP level 1. HP: 15/15 MP: 0/0
   227 | D:1      | Reached XP level 2. HP: 13/21 MP: 0/0
   656 | D:1      | Found Vadwova's General Store.
   932 | D:1      | Reached XP level 3. HP: 18/25 MP: 0/0
   932 | D:1      | Learned a level 1 spell: Pain
  1634 | D:2      | Noticed Jessica
  1638 | D:2      | Killed Jessica
  1709 | D:2      | Reached XP level 4. HP: 29/31 MP: 0/0
  2006 | D:2      | You are sucked into a shaft and drop 1 floor!
  2151 | D:3      | Found a stormy altar of Qazlal.
  2551 | D:3      | Reached skill level 5 in Dodging
  2559 | D:3      | Reached XP level 5. HP: 19/35 MP: 0/0
  2559 | D:3      | Learned a level 2 spell: Passwall
  2725 | D:3      | Found an opulent altar of Gozag.
  2743 | D:3      | Became a worshipper of Gozag Ym Sagoz the Greedy
  3270 | D:3      | Found a shimmering altar of Xom.
  3542 | D:4      | Reached skill level 1 in Fighting
  3805 | D:4      | Noticed Duvessa
  3805 | D:4      | Noticed Dowan
  3919 | D:4      | Noticed an ogre
  4165 | D:4      | Reached XP level 6. HP: 31/46 MP: 0/0
  4406 | D:4      | Identified the +2 buckler of the Eternal Void {Harm}
  4479 | D:4      | Found a glowing silver altar of Zin.
  4483 | D:4      | Noticed Sigmund
  4494 | D:4      | Killed Sigmund
  4495 | D:4      | Reached skill level 5 in Fighting
  4495 | D:4      | Reached XP level 7. HP: 35/54 MP: 0/0
  4495 | D:4      | Learned a level 3 spell: Lesser Beckoning
  4693 | D:4      | Slain by Duvessa

Illustrated notes

Levels and vault maps discovered:
D:1:      lemuel_arrival_funnel, layout_loops_ring, serial_shops,
          nicolae_shop_statue_plus
D:2:      minmay_chambers_of_twos, layout_loops_cross,
          gammafunk_temple_overflow_arena, hangedman_abyss_or_decor_stabs,
          uniq_jessica
D:3:      layout_basic, lemuel_crystal_altar, overflow_temple_1_default,
          grunt_gozag_statues
D:4:      layout_loops_ring, lemuel_crystal_altar, uniq_crazy_yiuf_cottage,
          uniq_sigmund, uniq_duvessa

Skill      XL: |  1  2  3  4  5  6 |
---------------+-------------------+-----
Spellcasting   | 3 |  3.0
Dodging        | 3 4 5 |  5.1
Fighting       | 3 5 |  5.1
Long Blades    | |  0.3
Axes           | |  0.2
Maces & Flails | |  0.1
Polearms       | |  0.1
Staves         | |  0.1
Slings         | |  0.2
Bows           | |  0.1
Crossbows      | |  0.2
Stealth        | |  1.6
Shields        | |  0.1
Invocations    | |  0.1

Action                   |  1- 3 |  4- 6 |  7- 9 || total
-------------------------+-------+-------+-------++-------
Melee: Rapier            |       |     9 |       ||     9
 Cast: Foxfire           |    68 |   142 |    11 ||   221
       Conjure Flame     |       |     1 |       ||     1
       Sticky Flame      |       |     1 |       ||     1
 Stab: Sleeping          |       |     2 |       ||     2
Armor: Robe              |     1 |     1 |       ||     2
       Leather armour    |       |     3 |     1 ||     4
Dodge: Dodged            |     3 |    24 |     1 ||    28

Table legend: (Time is in decaauts)
 A = Elapsed time spent in this place.
 B = Non-inter-level travel time spent in this place.
 C = Inter-level travel time spent in this place.
 D = Time resting spent in this place.
 E = Time spent auto-exploring this place.
 F = Levels seen in this place.
 G = Mean time per level.
                   A        B        C        D        E       F      G
               +--------+--------+--------+--------+--------+-----+--------+
         Total |   4695 |   4528 |    167 |    152 |   3810 |   4 | 1173.8 |
       Dungeon |   4695 |   4528 |    167 |    152 |   3810 |   4 | 1173.8 |
               +--------+--------+--------+--------+--------+-----+--------+

Top non-repeatable levels by time:
     D:3: 1690 daAuts
     D:1: 1634 daAuts
     D:4: 998 daAuts
     D:2: 372 daAuts
